 Dungeon Crawl Stone Soup version 0.30-a0-165-g1891117ce2 (webtiles) character file.

Game seed: 12090914615902206718

184 valliere the Poker (level 5, 0/43 HPs)
             Began as a Gnoll Reaver on Sept 28, 2022.
             Slain by a gnoll
             ... wielding a +0 spear
              (4 damage)
             ... on level 3 of the Dungeon.
             The game lasted 00:07:41 (2855 turns).

valliere the Poker (Gnoll Reaver)                   Turns: 2855, Time: 00:07:42

Health: 0/43       AC:  4    Str: 18    XL:     5   Next: 63%
Magic:  12/12      EV: 12    Int: 13    God:
Gold:   149        SH:  0    Dex: 10    Spells: 11/14 levels left

rFire   . . .      SeeInvis +    n - +8 dagger of Currency {drain, Str+7 Int-2 SInv}
rCold   . . .      Faith    .    (no shield)
rNeg    . . .      Spirit   .    b - +0 leather armour
rPois   .          Reflect  .    (no helmet)
rElec   .          Harm     .    (no cloak)
rCorr   .          Rampage  .    h - +0 pair of gloves
Will    .....                    (no boots)
Stlth   +.........               (no amulet)
HPRegen 0.14/turn                (no ring)
MPRegen 0.13/turn                (no ring)

@: no status effects
A: fangs 1, strong nose, distributed training
a: no special abilities


You were on level 3 of the Dungeon.
You visited 1 branch of the dungeon, and saw 3 of its levels.

You collected 149 gold pieces.

Inventory:

Hand Weapons
 a - a +0 spear
 j - a +0 scythe
 n - the +8 dagger of Currency (weapon) {drain, Str+7 Int-2 SInv}
   (You found it on level 2 of the Dungeon)

   A truly terrible weapon, it drains the life of any living foe it strikes.
   Str:       It affects your strength (+7).
   Int:       It affects your intelligence (-2).
   SInv:      It lets you see invisible.
Armour
 b - a +0 leather armour (worn)
 h - a +0 pair of gloves (worn)
Scrolls
 c - 4 scrolls of identify
 d - a scroll of vulnerability {unknown}
 f - a scroll of poison {unknown}
 g - a scroll of blinking {unknown}
 k - a scroll of magic mapping {unknown}
 l - a scroll of teleportation {unknown}
Potions
 e - 2 potions of brilliance
 i - a potion of attraction {unknown}
 m - 2 potions of might {unknown}


   Skills:
 + Level 4.8 Fighting
 + Level 1.6 Short Blades
 + Level 1.6 Long Blades
 + Level 1.6 Axes
 + Level 1.6 Maces & Flails
 + Level 6.7 Polearms
 + Level 1.6 Staves
 + Level 1.6 Ranged Weapons
 + Level 1.6 Throwing
 + Level 1.6 Armour
 + Level 4.8 Dodging
 + Level 1.6 Stealth
 + Level 1.6 Shields
 + Level 1.6 Unarmed Combat
 + Level 5.2 Spellcasting
 + Level 5.6 Conjurations
 + Level 1.3 Hexes
 + Level 1.3 Summonings
 + Level 1.3 Necromancy
 + Level 1.3 Translocations
 + Level 1.3 Transmutations
 + Level 1.3 Fire Magic
 + Level 1.3 Ice Magic
 + Level 1.3 Air Magic
 + Level 1.3 Earth Magic
 + Level 1.3 Poison Magic
 + Level 1.9 Invocations
 + Level 1.6 Evocations


You had 11 spell levels left.
You knew the following spells:

 Your Spells              Type           Power      Damage    Failure   Level
a - Kiss of Death         Conj/Necr      48%        2d9       5%          1
b - Momentum Strike       Conj/Tloc      24%        3d8       8%          2

Your spell library contained the following spells:

 Spells                   Type           Power      Damage    Failure   Level
 Apportation              Tloc           12%        N/A       13%         1
 Hailstorm                Conj/Ice       12%        3d5       16%         3
 Portal Projectile        Hex/Tloc       12%        N/A       36%         3
 Tukima's Dance           Hex            6%         N/A       36%         3
 Alistair's Intoxication  Tmut/Pois      4%         N/A       98%         5
 Blade Hands              Tmut           3%         N/A       98%         5


Dungeon Overview and Level Annotations

Branches:
Dungeon (3/15)

Altars:

Annotations:
D:3 3 runed translucent doors, Girdio's ghost, amateur DsFi


Innate Abilities, Weirdness & Mutations

You have very sharp teeth.
Your uncanny sense of smell can sniff out nearby items.
Your experience applies equally to all skills.


Message History

A gnoll comes into view. It is wielding a +0 flail.
The gnoll shouts!
The gnoll shouts!
The gnoll hits you with a +1 halberd of venom!
You are poisoned.
You hit the gnoll. You drain the gnoll.
The gnoll is heavily wounded.
You feel very sick.
You hit the gnoll. You bite the gnoll, but do no damage.
The gnoll is almost dead.
You feel sick. The gnoll completely misses you.
You hit the gnoll.
You kill the gnoll!
You feel sick. The gnoll closely misses you.
You puncture the gnoll!
The gnoll is heavily wounded.
You feel sick. The gnoll hits you with a +0 flail!
You puncture the gnoll!
You kill the gnoll!
You feel sick. The gnoll attacks as you move away!
The gnoll hits you with a +0 flail.
* * * LOW HITPOINT WARNING * * *
You feel sick.
You hit the gnoll. You drain the gnoll. You bite the gnoll, but do no damage.
The gnoll is heavily wounded.
You feel sick. The gnoll barely misses you.
You closely miss the gnoll.
The gnoll is heavily wounded.
You feel sick. The gnoll hits you with a +0 flail.
* * * LOW HITPOINT WARNING * * *
You barely miss the gnoll.
The gnoll is heavily wounded.
You feel sick. The gnoll closely misses you. The gnoll barely misses you.
You hit the gnoll.
The gnoll is severely wounded.
You feel sick.
You are no longer poisoned.
The gnoll barely misses you.
The gnoll hits you from afar with a +0 spear.
You die...

#......)....#.
#......######.
#### #......# #.
.#< #......# #.
...## #......#
#. #..###.#.####
#. #....#.#.# #.
g #.#.#.#.# #.
... #@......##
##.
.....###g.†....#
#..
......g)g..###.#
#..
#########......#
#..
#######.#####
#.. #.......#
### #.#####.#
#.#####.#
#......>#


You could see 2 gnolls.

Vanquished Creatures
  Sigmund (D:2)
  Terence (D:3)
  Natasha (D:2)
  2 gnolls (D:3)
  4 adders
  A bat (D:2)
  2 endoplasms (D:3)
  A giant cockroach (D:1)
  A goblin (D:3)
  5 hobgoblins
  3 jackals (D:1)
  4 quokkas
  2 ball pythons
  4 frilled lizards
  2 kobolds
  3 rats
37 creatures vanquished.

Vanquished Creatures (others)
  Natasha (twice) (D:2)
2 creatures vanquished.

Grand Total: 39 creatures vanquished

Notes
Turn   | Place    | Note
-------+----------+-------------------------------------------
     0 | D:1      | valliere the Gnoll Reaver began the quest for the Orb.
     0 | D:1      | Reached XP level 1. HP: 20/20 MP: 6/6
   464 | D:1      | Reached XP level 2. HP: 23/26 MP: 7/7
   591 | D:1      | Learned a level 2 spell: Momentum Strike
  1583 | D:2      | Reached skill level 5 in Spellcasting
  1583 | D:2      | Reached XP level 3. HP: 27/29 MP: 6/9
  1646 | D:2      | Noticed Sigmund
  1686 | D:2      | Reached skill level 1 in Invocations
  1804 | D:2      | Killed Sigmund
  1805 | D:2      | Reached skill level 1 in Short Blades
  1805 | D:2      | Reached skill level 1 in Long Blades
  1805 | D:2      | Reached skill level 1 in Axes
  1805 | D:2      | Reached skill level 1 in Maces & Flails
  1805 | D:2      | Reached skill level 1 in Staves
  1805 | D:2      | Reached skill level 1 in Ranged Weapons
  1805 | D:2      | Reached skill level 1 in Throwing
  1805 | D:2      | Reached skill level 1 in Armour
  1805 | D:2      | Reached skill level 1 in Stealth
  1805 | D:2      | Reached skill level 1 in Shields
  1805 | D:2      | Reached skill level 1 in Unarmed Combat
  1805 | D:2      | Reached skill level 1 in Hexes
  1805 | D:2      | Reached skill level 1 in Summonings
  1805 | D:2      | Reached skill level 1 in Necromancy
  1805 | D:2      | Reached skill level 1 in Translocations
  1805 | D:2      | Reached skill level 1 in Transmutations
  1805 | D:2      | Reached skill level 1 in Fire Magic
  1805 | D:2      | Reached skill level 1 in Ice Magic
  1805 | D:2      | Reached skill level 1 in Air Magic
  1805 | D:2      | Reached skill level 1 in Earth Magic
  1805 | D:2      | Reached skill level 1 in Poison Magic
  1805 | D:2      | Reached skill level 1 in Evocations
  1805 | D:2      | Reached XP level 4. HP: 38/38 MP: 8/11
  1860 | D:2      | Reached XP level 5. HP: 43/43 MP: 12/12
  2126 | D:2      | Identified the +8 dagger of Currency {drain, Str+7 Int-2
                  | SInv}
  2211 | D:2      | Noticed Natasha
  2217 | D:2      | Killed Natasha
  2330 | D:2      | Noticed Natasha
  2331 | D:2      | Killed Natasha
  2375 | D:2      | Noticed Natasha
  2377 | D:2      | Killed Natasha
  2504 | D:3      | Found a runed translucent gate.
  2504 | D:3      | Found a runed translucent gate.
  2505 | D:3      | Found a runed translucent gate.
  2511 | D:3      | Noticed Girdio's ghost (amateur DsFi)
  2630 | D:3      | Noticed Terence
  2635 | D:3      | Killed Terence
  2855 | D:3      | Slain by a gnoll

Illustrated notes

Levels and vault maps discovered:
D:1:      minmay_arrival_checkered_box, layout_loops_corners, serial_forest,
          infiniplex_forest_fountain, infiniplex_forest_straight_2,
          infiniplex_forest_corner_1, infiniplex_forest_lined_room_2,
          infiniplex_forest_lined_1, infiniplex_forest_clump_tiny,
          roderic_lattice_a, minmay_pentomino_t2
D:2:      layout_loops_ring, kennysheep_generic_room_14, uniq_sigmund,
          uniq_natasha
D:3:      minmay_angry_zag, layout_basic, gammafunk_ghost_necromancy,
          basic_ecumenical_altar, uniq_terence

Skill      XL: |  1  2  3 |
---------------+----------+-----
Spellcasting   | 5 |  5.2
Invocations    | 1 |  1.9
Short Blades   | 1 |  1.6
Long Blades    | 1 |  1.6
Axes           | 1 |  1.6
Maces & Flails | 1 |  1.6
Staves         | 1 |  1.6
Ranged Weapons | 1 |  1.6
Throwing       | 1 |  1.6
Armour         | 1 |  1.6
Stealth        | 1 |  1.6
Shields        | 1 |  1.6
Unarmed Combat | 1 |  1.6
Hexes          | 1 |  1.3
Summonings     | 1 |  1.3
Necromancy     | 1 |  1.3
Translocations | 1 |  1.3
Transmutations | 1 |  1.3
Fire Magic     | 1 |  1.3
Ice Magic      | 1 |  1.3
Air Magic      | 1 |  1.3
Earth Magic    | 1 |  1.3
Poison Magic   | 1 |  1.3
Evocations     | 1 |  1.6
Fighting       | |  4.8
Polearms       | |  6.7
Dodging        | |  4.8
Conjurations   | |  5.6

Action                   |  1- 3 |  4- 6 || total
-------------------------+-------+-------++-------
Melee: Spear             |   111 |    25 ||   136
       Bite              |     9 |     9 ||    18
       Punch             |     1 |       ||     1
       Dagger            |       |    30 ||    30
 Cast: Kiss of Death     |     1 |       ||     1
       Momentum Strike   |     1 |     3 ||     4
  Use: Scroll            |       |     1 ||     1
 Stab: Sleeping          |       |     2 ||     2
Armor: Leather armour    |    25 |     6 ||    31
Dodge: Dodged            |    37 |    20 ||    57

Table legend: (Time is in decaauts)
 A = Elapsed time spent in this place.
 B = Non-inter-level travel time spent in this place.
 C = Inter-level travel time spent in this place.
 D = Time resting spent in this place.
 E = Time spent auto-exploring this place.
 F = Levels seen in this place.
 G = Mean time per level.
                   A        B        C        D        E       F      G
               +--------+--------+--------+--------+--------+-----+--------+
         Total |   2831 |   2721 |    110 |      0 |   2388 |   3 |  943.7 |
       Dungeon |   2831 |   2721 |    110 |      0 |   2388 |   3 |  943.7 |
               +--------+--------+--------+--------+--------+-----+--------+

Top non-repeatable levels by time:
     D:1: 1560 daAuts
     D:2: 878 daAuts
     D:3: 392 daAuts
